 Dungeon Crawl Stone Soup version 0.20-a0-446-g9649680 (webtiles) character file.

65 RumaTero the Cudgeler (level 3, 0/28 HPs)
             Began as a Demonspawn Gladiator on Jan 7, 2017.
             Slain by an orc
             ... wielding a +1 quarterstaff of protection
              (1 damage)
             ... on level 2 of the Dungeon.
             The game lasted 00:03:00 (1829 turns).

RumaTero the Cudgeler (Demonspawn Gladiator)        Turns: 1829, Time: 00:03:00

Health: 0/28       AC:  8    Str: 15    XL:     3   Next: 94%
Magic:  3/3        EV: 11    Int:  9    God:
Gold:   73         SH:  0    Dex: 14    Spells: 2/2 levels left

rFire  . . .     SeeInvis .     a - +0 flail
rCold  . . .     Gourm    .     n - +0 ring mail
rNeg   . . .     Faith    .     (no shield)
rPois  .         Spirit   .     c - +0 helmet
rElec  .         Reflect  .     (no cloak)
rCorr  .         Harm     .     (no gloves)
MR     .....                    (no boots)
Stlth  +.........               (no amulet)
                                (no ring)
                                (no ring)

@: no status effects
A: icy blue scales 1, spiny 1
a: no special abilities


You were on level 2 of the Dungeon.
You were hungry.

You visited 1 branch of the dungeon, and saw 3 of its levels.

You collected 73 gold pieces.

Inventory:

Hand Weapons
 a - a +0 flail (weapon)
Missiles
 d - 3 throwing nets (quivered)
Armour
 b - a +0 leather armour
 c - a +0 helmet (worn)
 n - a +0 ring mail (worn)
Scrolls
 e - 2 scrolls of recharging
 g - 2 scrolls of identify
 i - 2 scrolls of teleportation {unknown}
 j - a scroll of amnesia {unknown}
 m - a scroll of remove curse {unknown}
Potions
 h - 2 potions of degeneration
 o - 2 potions of haste {unknown}
Comestibles
 f - a bread ration
 k - a beef jerky
 l - 11 fruits


   Skills:
 + Level 2.7 Fighting
 * Level 3.6 Maces & Flails
 - Level 1.7 Throwing
 + Level 1.2 Armour
 - Level 2.6 Dodging


You had 2 spell levels left.
You didn't know any spells.

Dungeon Overview and Level Annotations

Branches:
Dungeon (3/15)

Altars:
Fedhas


Innate Abilities, Weirdness & Mutations

You are partially covered in icy blue scales. (AC +2)
You are partially covered in sharp spines.


Message History

The orc barely misses you. The ooze closely misses you.
You climb upwards.
There is a stone staircase leading down here.
You completely miss the orc.
The orc is lightly wounded.
The orc hits you with a quarterstaff of protection.
The ooze jiggles.
You closely miss the orc.
The orc is lightly wounded.
The orc hits you with a quarterstaff of protection!
* * * LOW HITPOINT WARNING * * *
The orc closely misses you.
You hit the orc but do no damage.
The orc is lightly wounded.
The orc hits you with a quarterstaff of protection.
* * * LOW HITPOINT WARNING * * *
You hit the orc but do no damage.
The orc is lightly wounded.
The orc hits you with a quarterstaff of protection.
You die...

# #....##.#..#.# #.# #.......# #
#....##.#.##.#####.# #.####.## #
#....##.#..#.....#.# #.# #.#
####....##.##.#####.#.###.####.#
...+..........>........##....#.#
####....###.#).#..........##.#.#
# #....# #.#..#J##)......##.#.#
####....###.#..#o##..........#.#
...............#@###.........#.#
.##########.#.##.# ########.##.#
.##...........##.# #.##.#
.##.#######.####.# #.##.# ..#.#
#.# #.# #.##.# #.#.# ###.####.#
#.##.## #.#.# #......#.# #...).#
#...#####.#.##.#.# #.#####
............##.#.# ###


You could see an ooze and an orc.

Vanquished Creatures
  Terence (D:2)
  2 worms
  2 dart slugs (D:1)
  A leopard gecko (D:1)
  2 giant cockroaches (D:1)
  4 goblins
  4 jackals
  5 bats
  3 frilled lizards (D:2)
  4 kobolds (D:1)
  3 rats
31 creatures vanquished.

Notes
Turn   | Place    | Note
-------+----------+-------------------------------------------
     0 | D:1      | RumaTero the Demonspawn Gladiator began the quest for the Orb.
     0 | D:1      | Reached XP level 1. HP: 16/16 MP: 1/1
   188 | D:1      | Gained mutation: You are partially covered in sharp spines. [demonic ancestry]
   188 | D:1      | Reached XP level 2. HP: 18/22 MP: 2/2
   283 | D:1      | Reached skill level 3 in Maces & Flails
   505 | D:1      | Reached skill level 1 in Armour
   824 | D:2      | Found a blossoming altar of Fedhas.
  1089 | D:2      | Gained mutation: You are partially covered in icy blue scales. (AC +2) [demonic ancestry]
  1089 | D:2      | Reached XP level 3. HP: 13/28 MP: 3/3
  1136 | D:2      | Noticed Terence
  1257 | D:2      | Killed Terence
  1828 | D:2      | HP: 1/28 [orc/quarterstaff of protection (5)]
  1829 | D:2      | Slain by an orc

Vault maps used:
D:1:      scummos_arrival_star, hangedman_decor_points
D:2:      fedhas_altar_fruit_tree, uniq_terence
D:3:      first_bread

Skill      XL: |  1  2 |
---------------+-------+-----
Maces & Flails | 3 |  3.6
Armour         | 1 |  1.2
Fighting       | |  2.7
Throwing       | |  1.7
Dodging        | |  2.6

Action                   || total
-------------------------++-------
Melee: Flail             ||    82
  Use: Scroll            ||     2
  Eat: Chunk             ||     2
Armor: Leather armour    ||    16
       Ring mail         ||     8
Dodge: Dodged            ||    65
